 Dungeon Crawl Stone Soup version 0.21.0 (webtiles) character file.

117 inmateoo the Insei (level 4, -4/33 HPs)
             Began as a Demonspawn Gladiator on Jan 6, 2018.
             Slain by inmateoo's ghost (11 damage)
             ... on level 3 of the Dungeon.
             The game lasted 00:01:42 (1778 turns).

inmateoo the Insei (Demonspawn Gladiator)           Turns: 1778, Time: 00:01:43

Health: -4/33      AC:  9    Str: 15    XL:     4   Next: 71%
Magic:  4/4        EV: 10    Int:  9    God:
Gold:   116        SH:  0    Dex: 15    Spells: 3/3 levels left

rFire    . . .     SeeInvis .   a - +0 trident
rCold    + . .     Gourm    .   (no shield)
rNeg     . . .     Faith    .   i - +0 scale mail
rPois    .         Spirit   .   c - +0 helmet
rElec    .         Reflect  .   (no cloak)
rCorr    .         Harm     .   (no gloves)
MR       .....                  (no boots)
Stlth    ..........             (no amulet)
HPRegen  0.11/turn              (no ring)
MPRegen  0.09/turn              (no ring)

@: no status effects
A: iridescent scales 1, cold resistance 1
a: no special abilities


You were on level 3 of the Dungeon.
You were very hungry.

You visited 1 branch of the dungeon, and saw 3 of its levels.

You collected 116 gold pieces.

Inventory:

Hand Weapons
 a - a +0 trident (weapon)
Missiles
 d - 3 throwing nets (quivered)
Armour
 c - a +0 helmet (worn)
 i - a +0 scale mail (worn)
Wands
 m - a wand of digging (16)
Scrolls
 g - a scroll of magic mapping {unknown}
 h - 3 scrolls of identify {unknown}
 j - a scroll of immolation {unknown}
 l - 2 scrolls of teleportation {unknown}
 o - a scroll of random uselessness {unknown}
 q - a scroll of enchant weapon {unknown}
Potions
 b - a potion of resistance {unknown}
 e - 3 potions of berserk rage {unknown}
 k - a potion of agility {unknown}
 n - a potion of magic {unknown}
 p - a potion of degeneration {unknown}
Comestibles
 f - 4 rations


   Skills:
 - Level 2.2 Fighting
 - Level 3.1 Polearms
 - Level 1.7 Throwing
 - Level 2.9 Dodging
 + Level 3.4 Unarmed Combat


You had 3 spell levels left.
You didn't know any spells.

Dungeon Overview and Level Annotations

Branches:
Dungeon (3/15)

Altars:

Annotations:
D:3 inmateoo's ghost, amateur DDFi


Innate Abilities, Weirdness & Mutations

You are partially covered in iridescent scales. (AC +2)
Your flesh is cold resistant. (rC+)


Message History

You hit inmateoo's ghost but do no damage.
Inmateoo's ghost is lightly damaged.
Inmateoo's ghost barely misses you.
You hit inmateoo's ghost.
Inmateoo's ghost is moderately damaged.
Inmateoo's ghost hits you but does no damage.
You hit inmateoo's ghost but do no damage.
Inmateoo's ghost is moderately damaged.
Inmateoo's ghost hits you!
You hit inmateoo's ghost but do no damage.
Inmateoo's ghost is moderately damaged.
Inmateoo's ghost hits you but does no damage.
You barely miss inmateoo's ghost.
Inmateoo's ghost is moderately damaged.
Inmateoo's ghost hits you!
* * * LOW HITPOINT WARNING * * *
You are too injured to fight recklessly!
Inmateoo's ghost says, "I died to destroy people like you for fun."
Inmateoo's ghost hits you!
You die...

#........# #. #
#.#..###.# #...
#.##....###.# #...
#.........<.# #...
#.......#####
###...#########.###
.................#####...
.....[........#..........
........W@..#.....####...
.#...#.##.##.#...#
#...#.##.##.#...#
#...#)##........#
#...#.#####.##..# #...#.#
#.....# .....# ####.##
#######.##### ..#
#.K.<.......# ..


You could see inmateoo's ghost.

Vanquished Creatures
  6 adders
  2 oozes
  A worm (D:2)
  3 dart slugs
  5 giant cockroaches
  7 goblins
  4 hobgoblins
  4 jackals
  7 kobolds
  A ball python (D:1)
  A bat (D:1)
  2 frilled lizards (D:1)
  7 rats
50 creatures vanquished.

Notes
Turn   | Place    | Note
-------+----------+-------------------------------------------
     0 | D:1      | inmateoo the Demonspawn Gladiator began the quest for the Orb.
     0 | D:1      | Reached XP level 1. HP: 16/16 MP: 1/1
   156 | D:1      | Gained mutation: You are partially covered in iridescent scales. (AC +2) [demonic ancestry]
   156 | D:1      | Reached XP level 2. HP: 21/22 MP: 2/2
   536 | D:1      | Reached skill level 1 in Unarmed Combat
   750 | D:2      | Reached XP level 3. HP: 23/27 MP: 3/3
   963 | D:2      | HP: 1/27 [adder (1)]
   967 | D:2      | Gained mutation: Your flesh is cold resistant. (rC+) [demonic ancestry]
   967 | D:2      | Reached XP level 4. HP: 12/33 MP: 4/4
  1482 | D:3      | Noticed inmateoo's ghost (amateur DDFi)
  1778 | D:3      | Slain by inmateoo's ghost

Skill      XL: |  1  2  3  4 |
---------------+-------------+-----
Polearms       | 3 |  3.1
Unarmed Combat | 1 2 3 |  3.4
Fighting       | |  2.2
Throwing       | |  1.7
Dodging        | |  2.9

Action                   |  1- 3 |  4- 6 || total
-------------------------+-------+-------++-------
Melee: Trident           |   118 |    90 ||   208
       Punch             |     1 |       ||     1
  Use: Potion            |     1 |       ||     1
  Eat: Chunk             |       |     2 ||     2
Armor: Leather armour    |    11 |       ||    11
       Scale mail        |    40 |    38 ||    78
Dodge: Dodged            |    60 |    42 ||   102
